 Dungeon Crawl Stone Soup version 0.32-a0-818-gb728d02 (webtiles) character file.

Game seed: 2826819564359974914

184 Meow the Conjurer (level 5, 42/42 HPs)
             Began as a Naga Conjurer on Mar 22, 2024.
             Quit the game on level 2 of the Dungeon on Mar 23, 2024.
             The game lasted 00:05:37 (922 turns).

Meow the Conjurer (Naga Conjurer)                    Turns: 922, Time: 00:05:38

Health: 42/42      AC:  2    Str:  9    XL:     5   Next: 64%
Magic:  2/10       EV:  8    Int: 20    God:
Gold:   64         SH:  0    Dex: 10    Spells: 8/11 levels left

rFire   . . .        a - +0 dagger
rCold   . . .        (no shield)
rNeg    . . .        f - +0 robe
rPois   +            (no helmet)
rElec   .            h - scarf {repulsion}
rCorr   .            (no gloves)
SInv    +            (no barding)
Will    .....        (no amulet)
Stlth   ++           (no ring)
HPRegen 0.27/turn    (no ring)
MPRegen 0.12/turn

%: repel missiles
@: short of breath, very slow
A: AC +1, large, see invisible, deformed body, poison resistance, slowness 2,
spit poison 1, naga tail 1
a: Spit Poison


You were on level 2 of the Dungeon.
You visited 1 branch of the dungeon, and saw 2 of its levels.

You collected 64 gold pieces.

Inventory:

Hand Weapons
 a - a +0 dagger (weapon)
Armour
 f - a +0 robe (worn)
 h - a scarf of repulsion (worn)
Scrolls
 d - a scroll of blinking {unknown}
 e - a scroll of teleportation {unknown}
 g - a scroll of immolation {unknown}
 i - a scroll of enchant armour {unknown}
 j - a scroll of identify {unknown}
 k - a scroll of revelation {unknown}
 l - a scroll of poison {unknown}
Potions
 b - a potion of magic


   Skills:
 - Level 1.5 Dodging
 - Level 3.0 Stealth
 + Level 3.9 Spellcasting
 + Level 5.5 Conjurations


You had 8 spell levels left.
You knew the following spells:

 Your Spells              Type           Power      Damage    Failure   Level
a - Magic Dart            Conj           100%       1d8       1%          1
b - Searing Ray           Conj           52%        2d6       1%          2

Your spell library contained the following spells:

 Spells                   Type           Power      Damage    Failure   Level
 Fulminant Prism          Conj/Alch      7%         3d7       38%         4
 Iskenderun's Mystic Bla  Conj/Tloc      15%        2d5       38%         4
 Alistair's Intoxication  Alch           2%         N/A       98%         5
 Borgnjor's Vile Clutch   Necr/Erth      1%         N/A       98%         5
 Eringya's Noxious Bog    Alch           1%         4d6       100%        6


Dungeon Overview and Level Annotations

Branches:
Dungeon (2/15)

Altars:


Innate Abilities, Weirdness & Mutations

Your serpentine skin is tough. (AC +1)
You have supernaturally acute eyesight. (SInv)
Armour fits poorly on your strangely shaped body.
Your system is resistant to poisons. (rPois)
You cover ground very slowly.
You can spit poison.
You have a snake-like lower body.


Message History

Press: ? - help, Shift-Dir - straight line, f - Sigmund
Aim: Sigmund, wielding a +0 scythe and wearing a +0 robe (54% to hit)
The splash of poison hits Sigmund.
Sigmund is poisoned.
Sigmund is lightly wounded.
Sigmund hits you with a +0 scythe.
Unknown command.
Casting: Magic Dart (safe; 2% risk of failure)
Confirm with . or Enter, or press ? or * to list all spells.
Aiming: Searing Ray (safe; 3% risk of failure)
Press: ? - help, Shift-Dir - straight line, f/p - Sigmund
Aim: Sigmund, wielding a +0 scythe and wearing a +0 robe (moderately wounded, poisoned, 75% to hit)
The searing ray hits Sigmund.
Sigmund is heavily wounded. (Press . to maintain the ray.)
The searing ray hits Sigmund.
Sigmund is severely wounded.
You have got your breath back.
Sigmund gestures at you while chanting. You resist with some effort.
The searing ray misses Sigmund.
Sigmund completely misses you.
The searing ray hits Sigmund!
Sigmund is almost dead.
You finish channelling your searing ray.
Sigmund casts a spell at you.
You are confused.
Unknown command.
Unknown command.
It was a potion of curing.
You feel better. Sigmund hits you but does no damage.
Aiming: Spit Poison (2% risk of failure)
Press: ? - help, Shift-Dir - straight line, f/p - Sigmund
Aim: Sigmund, wielding a +0 scythe and wearing a +0 robe (almost dead, poisoned, 54% to hit)
The splash of poison hits Sigmund.
Sigmund looks even sicker.
You kill Sigmund!
Your Spellcasting skill increases to level 3!
Your Conjurations skill increases to level 5!
You have reached level 4!
You feel agile.
You have reached level 5!
Are you sure you want to abandon this character and quit the game? (Confirm with "yes".)

###########
..........#
......)...#
.......@..#
..........#
..........+
..........#
...........
..........##
..........#
...........


There were no monsters in sight!

Vanquished Creatures
  Sigmund (D:2)
  A dart slug (D:1)
  2 endoplasms (D:1)
  A giant cockroach (D:1)
  A hobgoblin (D:1)
  3 jackals (D:1)
  2 kobolds (D:1)
  A quokka (D:1)
  3 ball pythons (D:1)
  2 bats (D:1)
  2 frilled lizards (D:1)
  4 goblins (D:1)
  A rat (D:1)
24 creatures vanquished.

Notes
Turn   | Place    | Note
-------+----------+-------------------------------------------
     0 | D:1      | Meow the Naga Conjurer began the quest for the Orb.
     0 | D:1      | Reached XP level 1. HP: 15/15 MP: 3/3
   182 | D:1      | Reached XP level 2. HP: 22/22 MP: 0/5
   185 | D:1      | Learned a level 2 spell: Searing Ray
   644 | D:1      | Reached XP level 3. HP: 19/28 MP: 1/6
   758 | D:1      | Upgraded the game from 0.32-a0-814-g0968bab to
                  | 0.32-a0-818-gb728d02
   914 | D:2      | Noticed Sigmund
   921 | D:2      | Killed Sigmund
   922 | D:2      | Reached skill level 5 in Conjurations
   922 | D:2      | Reached XP level 4. HP: 36/36 MP: 2/9
   922 | D:2      | Reached XP level 5. HP: 42/42 MP: 2/10
   922 | D:2      | Quit the game

Illustrated notes

Levels and vault maps discovered:
D:1:      tarquinn_simple_flora_water_a, layout_basic, minmay_misc_feat_doors,
          serial_park_tiny_2
D:2:      layout_basic, uniq_sigmund, uniq_jessica

Skill      XL: |  1  2  3 |
---------------+----------+-----
Spellcasting   | 3 |  3.9
Conjurations   | 5 |  5.5
Dodging        | |  1.5
Stealth        | |  3.0

Action                     |  1- 3 |  4- 6 || total
---------------------------+-------+-------++-------
  Melee: Dagger            |     7 |       ||     7
   Cast: Magic Dart        |    17 |       ||    17
         Searing Ray       |     4 |       ||     4
Ability: Spit Poison       |    18 |       ||    18
    Use: Potion            |     1 |       ||     1
 Armour: Robe              |    16 |       ||    16
  Dodge: Dodged            |    13 |       ||    13

Table legend: (Time is in decaauts)
 A = Elapsed time spent in this place.
 B = Non-inter-level travel time spent in this place.
 C = Inter-level travel time spent in this place.
 D = Time resting spent in this place.
 E = Time spent auto-exploring this place.
 F = Levels seen in this place.
 G = Mean time per level.
                   A        B        C        D        E       F      G
               +--------+--------+--------+--------+--------+-----+--------+
         Total |   1144 |   1128 |     16 |    270 |    721 |   2 |  572.0 |
       Dungeon |   1144 |   1128 |     16 |    270 |    721 |   2 |  572.0 |
               +--------+--------+--------+--------+--------+-----+--------+

Top non-repeatable levels by time:
     D:1: 1137 daAuts
     D:2: 7 daAuts
